 Dungeon Crawl Stone Soup version 0.31-a0-845-g9abc20d24f (webtiles) character file.

Game seed: 13797190046621003956

596 subawu the Ruffian (level 7, 0/78 HPs)
             Began as a Gnoll Shapeshifter on Oct 2, 2023.
             Succumbed to a scorpion's poison
             ... on level 4 of the Dungeon.
             The game lasted 00:08:13 (3275 turns).

subawu the Ruffian (Gnoll Shapeshifter)             Turns: 3275, Time: 00:08:13

Health: 0/78       AC: 23    Str: 22    XL:     7   Next: 40%
Magic:  10/10      EV:  2    Int:  9    God:
Gold:   202        SH:  0    Dex: 11    Spells: 11/11 levels left

rFire   . .          .
                       - Unarmed
rCold   . . .        (no shield)
rNeg    . . .        i - melded +0 ring mail
rPois   +            (helmet currently unavailable)
rElec   .            (cloak currently unavailable)
rCorr   .            (gloves currently unavailable)
SInv    .            (boots currently unavailable)
Will    .....        (no amulet)
Stlth   ++           n - +6 ring of strength
HPRegen 0.33/turn    (no ring)
MPRegen 0.12/turn

%: no passive effects
@: brilliant, lethally poisoned (0 -> -4), tree-form
A: stationary, stasis, torment immunity, boosted hp, (fangs 1), strong nose,
distributed training
a: no special abilities


You were on level 4 of the Dungeon.
You were a tree.
You visited 2 branches of the dungeon, and saw 5 of its levels.

You collected 202 gold pieces.

Inventory:

Hand Weapons
 s - a +2 heavy flail
Missiles
 k - 14 stones
Armour
 a - a +0 animal skin
 i - a +0 ring mail (melded)
 q - a +0 pair of boots
Jewellery
 n - a +6 ring of strength (left branch)
 r - a +6 ring of intelligence
Talismans
 c - a beast talisman
 d - a flux talisman
Scrolls
 f - 2 scrolls of teleportation {unknown}
 h - a scroll of poison {unknown}
 j - a scroll of amnesia {unknown}
 l - 3 scrolls of identify {unknown}
 o - a scroll of acquirement {unknown}
Potions
 b - a potion of lignification
 g - a potion of degeneration {unknown}
 m - a potion of haste {unknown}
 t - a potion of curing {unknown}


   Skills:
 + Level 3.6 Fighting
 + Level 2.5 Short Blades
 + Level 2.5 Long Blades
 + Level 2.5 Axes
 + Level 2.5 Maces & Flails
 + Level 2.5 Polearms
 + Level 2.5 Staves
 + Level 2.5 Ranged Weapons
 + Level 2.5 Throwing
 + Level 2.5 Armour
 + Level 5.2 Dodging
 + Level 2.5 Stealth
 + Level 2.5 Shields
 + Level 7.0 Unarmed Combat
 + Level 2.5 Spellcasting
 + Level 2.0 Conjurations
 + Level 2.0 Hexes
 + Level 2.0 Summonings
 + Level 2.0 Necromancy
 + Level 2.0 Translocations
 + Level 2.0 Transmutations
 + Level 2.0 Fire Magic
 + Level 2.0 Ice Magic
 + Level 2.0 Air Magic
 + Level 2.0 Earth Magic
 + Level 2.0 Poison Magic
 + Level 2.8 Invocations
 + Level 2.5 Evocations
 + Level 6.9 Shapeshifting


You had 11 spell levels left.
You didn't know any spells.
Your spell library contained the following spells:

 Spells                   Type           Power      Damage    Failure   Level
 Necrotise                Necr           28%        1d5       14%         1
 Dazzling Flash           Conj/Hex       14%        N/A       38%         3
 Summon Guardian Golem    Hex/Summ       7%         N/A       38%         3
 Vampiric Draining        Necr           7%         2d6       38%         3
 Agony                    Necr           7%         N/A       98%         5
 Silence                  Hex/Air        3%         N/A       98%         5
 Orb of Destruction       Conj           3%         9d5       100%        7
 Spellforged Servitor     Conj/Summ      3%         N/A       100%        7


Dungeon Overview and Level Annotations

Branches:
Dungeon (4/15)             Temple (1/1) D:4

Altars:
Ashenzari
Cheibriados
Dithmenos
Elyvilon
Fedhas
Gozag
Hepliaklqana
Kikubaaqudgha
Makhleb
Okawaru
Qazlal
Ru
Sif Muna
Trog
Uskayaw
Vehumet
Wu Jian
Xom
Yredelemnul
Zin
The Shining One


Innate Abilities, Weirdness & Mutations

You are a tree.
Your roots penetrate the ground, keeping you stationary.
You cannot be teleported.
You are immune to unholy pain and torment.
Your maximum health is greatly increased.
Your equipment is partially melded.
((You have very sharp teeth.))
Your uncanny sense of smell can sniff out nearby items.
Your experience applies equally to all skills.


Message History

The phantom is severely damaged.
* * * LOW HITPOINT WARNING * * *
You feel very sick.
The scorpion stings you but does no damage.
You smack the phantom!
You destroy the phantom!
* * * LOW HITPOINT WARNING * * *
You feel sick.
The scorpion stings you but does no damage.
Your Conjurations skill increases to level 2!
Your Hexes skill increases to level 2!
Your Summonings skill increases to level 2!
Your Necromancy skill increases to level 2!
Your Translocations skill increases to level 2!
Your Transmutations skill increases to level 2!
Your Fire Magic skill increases to level 2!
Your Ice Magic skill increases to level 2!
Your Air Magic skill increases to level 2!
Your Earth Magic skill increases to level 2!
Your Poison Magic skill increases to level 2!
You closely miss the scorpion.
* * * LOW HITPOINT WARNING * * *
You feel sick. The scorpion stings you.
* * * LOW HITPOINT WARNING * * *
You closely miss the scorpion.
* * * LOW HITPOINT WARNING * * *
You feel sick.
The scorpion stings you but does no damage.
You pummel the scorpion!!
You kill the scorpion!
* * * LOW HITPOINT WARNING * * *
You feel sick.
It was a potion of brilliance.
You feel clever all of a sudden.
* * * LOW HITPOINT WARNING * * *
You feel sick.
It was a potion of mutation.
You feel extremely strange.
You feel a hidden potential growing inside you.
You no longer feel a hidden potential within.
You die...

# #.##.......# #..#
# # #.##.......#
##..###### #
#.##.......#
#....... #
#.##.......#
##.....
########.##.......#
#.....
.........##.......#
#.....
###########.......#
#..... #.......#
#..... #....†♣.#
#..... #.......#
#..... #########
######


There were no monsters in sight!

Vanquished Creatures
  Sigmund (D:2)
  A steam dragon (D:3)
  A phantom (D:4)
  A scorpion (D:4)
  An orc wizard (D:3)
  4 gnolls (D:3)
  3 adders
  3 dart slugs
  2 orcs (D:3)
  10 bats
  7 endoplasms
  4 giant cockroaches
  4 goblins
  5 hobgoblins
  10 jackals
  3 quokkas
  7 ball pythons
  A frilled lizard (D:1)
  6 kobolds
  2 rats (D:1)
76 creatures vanquished.

Notes
Turn   | Place    | Note
-------+----------+-------------------------------------------
     0 | D:1      | subawu the Gnoll Shapeshifter began the quest for the Orb.
     0 | D:1      | Reached XP level 1. HP: 17/17 MP: 1/1
    72 | D:2      | Noticed Sigmund
    84 | D:2      | Killed Sigmund
    85 | D:2      | Reached skill level 1 in Short Blades
    85 | D:2      | Reached skill level 1 in Long Blades
    85 | D:2      | Reached skill level 1 in Axes
    85 | D:2      | Reached skill level 1 in Maces & Flails
    85 | D:2      | Reached skill level 1 in Polearms
    85 | D:2      | Reached skill level 1 in Staves
    85 | D:2      | Reached skill level 1 in Ranged Weapons
    85 | D:2      | Reached skill level 1 in Throwing
    85 | D:2      | Reached skill level 1 in Armour
    85 | D:2      | Reached skill level 1 in Stealth
    85 | D:2      | Reached skill level 1 in Shields
    85 | D:2      | Reached skill level 1 in Spellcasting
    85 | D:2      | Reached skill level 1 in Conjurations
    85 | D:2      | Reached skill level 1 in Hexes
    85 | D:2      | Reached skill level 1 in Summonings
    85 | D:2      | Reached skill level 1 in Necromancy
    85 | D:2      | Reached skill level 1 in Translocations
    85 | D:2      | Reached skill level 1 in Transmutations
    85 | D:2      | Reached skill level 1 in Fire Magic
    85 | D:2      | Reached skill level 1 in Ice Magic
    85 | D:2      | Reached skill level 1 in Air Magic
    85 | D:2      | Reached skill level 1 in Earth Magic
    85 | D:2      | Reached skill level 1 in Poison Magic
    85 | D:2      | Reached skill level 1 in Invocations
    85 | D:2      | Reached skill level 1 in Evocations
    85 | D:2      | Reached XP level 2. HP: 3/24 MP: 1/4
    85 | D:2      | Reached XP level 3. HP: 3/29 MP: 1/5
    85 | D:2      | Reached XP level 4. HP: 4/35 MP: 1/6
    85 | D:2      | Reached XP level 5. HP: 5/41 MP: 1/7
   591 | D:1      | Found a snail-covered altar of Cheibriados.
  1289 | D:2      | Found a faded altar of an unknown god.
  1551 | D:2      | Reached XP level 6. HP: 47/47 MP: 8/8
  2043 | D:3      | Reached skill level 5 in Dodging
  2180 | D:3      | Noticed a steam dragon
  2193 | D:3      | Killed a steam dragon
  2194 | D:3      | Reached XP level 7. HP: 14/52 MP: 10/10
  2274 | D:3      | Found an opulent altar of Gozag.
  2466 | D:3      | Found a glowing golden altar of the Shining One.
  2477 | D:3      | Found a stormy altar of Qazlal.
  2521 | D:3      | Found a radiant altar of Vehumet.
  2903 | D:4      | Reached skill level 7 in Unarmed Combat
  2944 | D:4      | Found a staircase to the Ecumenical Temple.
  2959 | Temple   | Entered the Ecumenical Temple
  3272 | D:4      | HP: 2/78 [poisoned by a scorpion]
  3275 | D:4      | Gained mutation: You have hidden genetic potential. [potion
                  | of mutation]
  3275 | D:4      | Lost mutation: You have hidden genetic potential. [potion
                  | of mutation]
  3275 | D:4      | Succumbed to a scorpion's poison

Illustrated notes

Levels and vault maps discovered:
D:1:      doesnt_arrival_eight_statues, layout_basic, minmay_hexomino_r4
D:2:      layout_basic, hellmonk_ecumenical_altar_pennies_from_heaven,
          st_stairs_14, uniq_sigmund
D:3:      layout_rooms, amcnicky_altar_gilded, nicolae_overflow_hidden_temple
D:4:      layout_basic, minmay_temple_entry_crystal_x, grunt_ministairs_15
Temple:   sentei_temple_godly_chess

Skill      XL: |  1  2  3  4  5  6  7 |
---------------+----------------------+-----
Fighting       | 3 |  3.6
Short Blades   | 1 2 |  2.5
Long Blades    | 1 2 |  2.5
Axes           | 1 2 |  2.5
Maces & Flails | 1 2 |  2.5
Polearms       | 1 2 |  2.5
Staves         | 1 2 |  2.5
Ranged Weapons | 1 2 |  2.5
Throwing       | 1 2 |  2.5
Armour         | 1 2 |  2.5
Stealth        | 1 2 |  2.5
Shields        | 1 2 |  2.5
Spellcasting   | 1 2 |  2.5
Conjurations   | 1 2 |  2.0
Hexes          | 1 2 |  2.0
Summonings     | 1 2 |  2.0
Necromancy     | 1 2 |  2.0
Translocations | 1 2 |  2.0
Transmutations | 1 2 |  2.0
Fire Magic     | 1 2 |  2.0
Ice Magic      | 1 2 |  2.0
Air Magic      | 1 2 |  2.0
Earth Magic    | 1 2 |  2.0
Poison Magic   | 1 2 |  2.0
Invocations    | 1 2 |  2.8
Evocations     | 1 2 |  2.5
Dodging        | 5 |  5.2
Unarmed Combat | 7 |  7.0
Shapeshifting  | |  6.9

Action                     |  1- 3 |  4- 6 |  7- 9 || total
---------------------------+-------+-------+-------++-------
  Melee: Unarmed           |    13 |   111 |    45 ||   169
         Bite              |     1 |     7 |     1 ||     9
         Punch             |       |     4 |     1 ||     5
    Use: Potion            |       |       |     3 ||     3
 Armour: Animal skin       |     3 |    22 |       ||    25
         Ring mail         |       |   100 |    25 ||   125
         Skin              |       |       |     6 ||     6
  Dodge: Dodged            |     5 |   152 |    32 ||   189

Table legend: (Time is in decaauts)
 A = Elapsed time spent in this place.
 B = Non-inter-level travel time spent in this place.
 C = Inter-level travel time spent in this place.
 D = Time resting spent in this place.
 E = Time spent auto-exploring this place.
 F = Levels seen in this place.
 G = Mean time per level.
                   A        B        C        D        E       F      G
               +--------+--------+--------+--------+--------+-----+--------+
         Total |   3256 |   3114 |    142 |    402 |   1629 |   5 |  651.2 |
       Dungeon |   3183 |   3047 |    136 |    402 |   1629 |   4 |  795.8 |
        Temple |     72 |     66 |      6 |      0 |      0 |   1 |   72.0 |
               +--------+--------+--------+--------+--------+-----+--------+

Top non-repeatable levels by time:
     D:2: 1090 daAuts
     D:3: 939 daAuts
     D:1: 745 daAuts
     D:4: 409 daAuts
  Temple: 72 daAuts
